[ PARTIDA AOE2 · #472162482 ]
UnrankedIncas vs Chinese
[ ANÁLISIS DE REPETICIÓN · EXTRAÍDO DE LA PARTIDA GRABADA ]
Feudal
11:46
Castillos
15:35
Imperial
35:10
| APM promedio | 46.7 |
| APM pico | 82 |
| eAPM promedio | 26.5 |
| Aldeanos / militares | 94 / 68 |
Foco
⚔️ 34.5% · 🌾 65.5%
Kamayuk ×42 · Fire Galley ×15 · Fishing Ship ×9 · Monk ×5 · Battering Ram ×3 · Galley ×2
Feudal
11:13
Castillos
13:55
Imperial
31:19
| APM promedio | 53.8 |
| APM pico | 87 |
| eAPM promedio | 38.7 |
| Aldeanos / militares | 177 / 59 |
Foco
⚔️ 37.8% · 🌾 62.2%
Ballista Elephant ×29 · Monk ×11 · Fishing Ship ×7 · Knight ×6 · Scorpion ×6 · Trebuchet (Packed) ×5
Feudal
11:20
Castillos
22:38
Imperial
—
| APM promedio | 53.4 |
| APM pico | 96 |
| eAPM promedio | 22.0 |
| Aldeanos / militares | 97 / 35 |
Foco
⚔️ 25.8% · 🌾 74.2%
Chu Ko Nu ×17 · Spearman ×9 · Fishing Ship ×8 · Battering Ram ×7 · Unknown (2626) ×7 · Monk ×2
Feudal
11:12
Castillos
19:20
Imperial
37:13
| APM promedio | 33.7 |
| APM pico | 53 |
| eAPM promedio | 22.9 |
| Aldeanos / militares | 68 / 5 |
Foco
⚔️ 33.6% · 🌾 66.4%
Fishing Ship ×15 · Unknown (2626) ×15 · Battering Ram ×4 · Monk ×1
Feudal
11:32
Castillos
18:50
Imperial
34:06
| APM promedio | 50.9 |
| APM pico | 80 |
| eAPM promedio | 29.2 |
| Aldeanos / militares | 103 / 94 |
Foco
⚔️ 33.0% · 🌾 67.0%
Skirmisher ×35 · Composite Bowman ×33 · Galley ×16 · Fishing Ship ×11 · Trebuchet (Packed) ×4 · Unknown (2626) ×3
Feudal
13:02
Castillos
16:32
Imperial
—
| APM promedio | 48.4 |
| APM pico | 134 |
| eAPM promedio | 26.2 |
| Aldeanos / militares | 57 / 46 |
Foco
⚔️ 34.6% · 🌾 65.4%
Petard ×19 · Monk ×11 · Coustillier ×10 · Fishing Ship ×9 · Fire Galley ×4 · Mangonel ×2
Feudal
12:04
Castillos
15:43
Imperial
—
| APM promedio | 45.2 |
| APM pico | 91 |
| eAPM promedio | 31.1 |
| Aldeanos / militares | 158 / 16 |
Foco
⚔️ 35.1% · 🌾 64.9%
War Wagon ×11 · Fishing Ship ×9 · Monk ×2 · Iron Pagoda ×2 · Battering Ram ×1
Feudal
12:57
Castillos
16:36
Imperial
37:32
| APM promedio | 65.6 |
| APM pico | 112 |
| eAPM promedio | 30.9 |
| Aldeanos / militares | 160 / 40 |
Foco
⚔️ 26.9% · 🌾 73.1%
Kipchak ×31 · Fishing Ship ×8 · Battering Ram ×8 · Unknown (2626) ×4 · Monk ×1
Mapa de la partida
Recursos iniciales + cada clic de construcción. Líneas = muros · curvas = relieve. ◆ oro · ⬟ piedra · ● bayas · ✦ reliquia · ◌ hueco del cierre
Tu base· Abierta — hueco de 5t
Base de TAG_Sitaux· Abierta — flanco sin cerrar
Base de [DAO] Encoded29· Abierta — hueco de 1t
Base de Cl3m3nT· Abierta — flanco sin cerrar
Base de OS+ | Loki· Abierta — hueco de 11t
Base de benni9· Abierta — flanco sin cerrar
Base de Shulk· Abierta — hueco de 3t
Base de Hans the Waller· Abierta — flanco sin cerrar
Terreno inicial suavizado · ◌ = hueco del cierre detectado · pasá el cursor para detalles
Inputs por minuto
— MoJRiM - - TAG_Sitaux
Build order — MoJRiM
Primeras 150 de 339 acciones detectadas
| 0:04 | Construir | Town Center |
| 1:43 | Construir | House |
| 2:16 | Crear | Villager (Male) |
| 2:17 | Crear | Villager (Male) |
| 2:17 | Crear | Villager (Male) |
| 2:17 | Crear | Villager (Male) |
| 2:43 | Construir | Dock |
| 3:24 | Crear | Fishing Ship |
| 3:56 | Crear | Villager (Male) |
| 4:04 | Construir | House |
| 4:22 | Crear | Villager (Male) |
| 4:46 | Crear | Villager (Male) |
| 4:49 | Crear | Fishing Ship |
| 5:15 | Investigar | Loom |
| 5:16 | Crear | Villager (Male) |
| 5:21 | Crear | Fishing Ship |
| 5:32 | Crear | Villager (Male) |
| 6:07 | Crear | Villager (Male) |
| 6:07 | Crear | Fishing Ship |
| 6:28 | Crear | Villager (Male) |
| 6:40 | Crear | Fishing Ship |
| 7:03 | Crear | Villager (Male) |
| 7:03 | Crear | Villager (Male) |
| 7:05 | Crear | Villager (Male) |
| 7:14 | Construir | House |
| 7:16 | Crear | Fishing Ship |
| 7:34 | Crear | Villager (Male) |
| 8:07 | Crear | Villager (Male) |
| 8:07 | Crear | Fishing Ship |
| 8:39 | Construir | Settlement |
| 8:43 | Crear | Villager (Male) |
| 8:58 | Crear | Fishing Ship |
| 9:11 | Crear | Villager (Male) |
| 9:35 | Investigar | Feudal Age |
| 9:43 | Construir | Settlement |
| 10:18 | Crear | Fishing Ship |
| 11:01 | Crear | Villager (Male) |
| 11:01 | Crear | Villager (Male) |
| 11:46 | Edad | Edad Feudal |
| 11:47 | Construir | Market |
| 11:48 | Construir | Blacksmith |
| 12:08 | Crear | Unit 2626 |
| 12:55 | Investigar | Castle Age |
| 12:55 | Investigar | Castle Age |
| 12:58 | Crear | Unit 2626 |
| 13:06 | Crear | Galley |
| 13:24 | Crear | Fire Galley |
| 13:35 | Construir | Dock |
| 14:06 | Crear | Fire Galley |
| 14:12 | Investigar | Double-Bit Axe |
| 14:46 | Construir | Settlement |
| 14:50 | Construir | Settlement |
| 15:14 | Crear | Galley |
| 15:16 | Crear | Fire Galley |
| 15:35 | Edad | Edad de los Castillos |
| 15:38 | Investigar | War Galley (upgrade) |
| 15:39 | Crear | Villager (Male) |
| 15:51 | Crear | Villager (Male) |
| 15:54 | Construir | Monastery |
| 16:11 | Crear | Fire Galley |
| 16:16 | Crear | Villager (Male) |
| 16:34 | Crear | Fire Galley |
| 16:43 | Crear | Monk |
| 16:57 | Crear | Villager (Male) |
| 16:57 | Crear | Villager (Male) |
| 17:12 | Crear | Fire Galley |
| 17:13 | Crear | Fire Galley |
| 17:41 | Crear | Fire Galley |
| 17:42 | Crear | Villager (Male) |
| 17:50 | Crear | Monk |
| 17:58 | Crear | Villager (Male) |
| 18:11 | Crear | Villager (Male) |
| 18:13 | Construir | University |
| 18:28 | Crear | Villager (Male) |
| 18:44 | Crear | Villager (Male) |
| 18:47 | Crear | Villager (Male) |
| 18:48 | Crear | Monk |
| 19:16 | Crear | Fire Galley |
| 19:16 | Crear | Fire Galley |
| 19:22 | Investigar | Tech 908 |
| 19:22 | Investigar | Tech 908 |
| 19:35 | Investigar | Loom |
| 19:47 | Investigar | Careening |
| 19:59 | Crear | Villager (Male) |
| 20:12 | Crear | Fire Galley |
| 20:13 | Crear | Villager (Male) |
| 20:28 | Construir | Town Center |
| 20:46 | Crear | Fire Galley |
| 21:09 | Crear | Fire Galley |
| 21:10 | Crear | Villager (Male) |
| 21:12 | Crear | Villager (Male) |
| 21:14 | Crear | Fire Galley |
| 21:29 | Crear | Fire Galley |
| 21:39 | Crear | Villager (Male) |
| 21:56 | Crear | Villager (Male) |
| 21:56 | Crear | Villager (Male) |
| 21:57 | Crear | Villager (Male) |
| 22:02 | Construir | Town Center |
| 22:11 | Investigar | Bow Saw |
| 22:11 | Investigar | Bow Saw |
| 22:21 | Crear | Monk |
| 22:41 | Construir | Outpost |
| 22:56 | Crear | Villager (Male) |
| 23:03 | Construir | Outpost |
| 23:07 | Investigar | Town Watch |
| 23:08 | Crear | Villager (Male) |
| 23:15 | Investigar | Horse Collar |
| 23:15 | Investigar | Horse Collar |
| 23:17 | Construir | Farm |
| 23:18 | Construir | Farm |
| 23:19 | Construir | Farm |
| 23:20 | Construir | Farm |
| 23:21 | Construir | Farm |
| 23:24 | Construir | Farm |
| 23:25 | Construir | Farm |
| 23:26 | Construir | Farm |
| 23:30 | Construir | Farm |
| 23:32 | Construir | Farm |
| 23:33 | Crear | Villager (Male) |
| 23:43 | Crear | Villager (Male) |
| 23:49 | Construir | Siege Workshop |
| 23:54 | Construir | Outpost |
| 24:03 | Crear | Villager (Male) |
| 24:05 | Crear | Villager (Male) |
| 24:14 | Crear | Villager (Male) |
| 24:32 | Crear | Villager (Male) |
| 24:32 | Crear | Villager (Male) |
| 24:35 | Construir | Farm |
| 24:36 | Construir | Farm |
| 24:37 | Construir | Farm |
| 24:46 | Crear | Monk |
| 25:13 | Crear | Villager (Male) |
| 25:24 | Crear | Villager (Male) |
| 25:25 | Crear | Villager (Male) |
| 25:28 | Crear | Villager (Male) |
| 25:30 | Construir | House |
| 25:30 | Construir | House |
| 25:32 | Construir | House |
| 25:36 | Construir | Farm |
| 25:39 | Crear | Villager (Male) |
| 25:48 | Construir | Farm |
| 25:48 | Construir | Farm |
| 25:49 | Construir | Farm |
| 25:54 | Construir | Settlement |
| 25:54 | Construir | Farm |
| 25:55 | Construir | Farm |
| 25:59 | Construir | Outpost |
| 26:00 | Crear | Villager (Male) |
| 26:01 | Crear | Villager (Male) |
| 26:03 | Crear | Battering Ram |
Build order — TAG_Sitaux
Primeras 150 de 482 acciones detectadas
| 0:09 | Construir | Town Center |
| 0:17 | Construir | Dock |
| 0:37 | Construir | House |
| 2:10 | Crear | Villager (Male) |
| 2:10 | Crear | Villager (Male) |
| 2:11 | Crear | Villager (Male) |
| 2:11 | Crear | Villager (Male) |
| 3:17 | Crear | Villager (Male) |
| 3:17 | Crear | Villager (Male) |
| 3:23 | Crear | Fishing Ship |
| 3:33 | Construir | House |
| 4:16 | Crear | Villager (Male) |
| 4:17 | Crear | Fishing Ship |
| 4:35 | Construir | House |
| 4:42 | Crear | Villager (Male) |
| 5:07 | Crear | Fishing Ship |
| 5:13 | Crear | Villager (Male) |
| 5:31 | Construir | House |
| 5:34 | Crear | Villager (Male) |
| 5:54 | Crear | Fishing Ship |
| 6:00 | Crear | Villager (Male) |
| 6:17 | Construir | Palisade Wall |
| 6:22 | Construir | Palisade Wall |
| 6:26 | Crear | Villager (Male) |
| 6:28 | Crear | Fishing Ship |
| 6:43 | Crear | Villager (Male) |
| 7:02 | Construir | House |
| 7:06 | Crear | Villager (Male) |
| 7:21 | Crear | Fishing Ship |
| 7:28 | Crear | Villager (Male) |
| 7:52 | Crear | Villager (Male) |
| 8:00 | Crear | Fishing Ship |
| 8:19 | Crear | Villager (Male) |
| 9:03 | Investigar | Feudal Age |
| 9:03 | Investigar | Feudal Age |
| 11:10 | Construir | Lumber Camp |
| 11:13 | Edad | Edad Feudal |
| 11:15 | Investigar | Castle Age |
| 11:15 | Investigar | Castle Age |
| 11:20 | Construir | Stable |
| 11:27 | Construir | Farm |
| 11:29 | Construir | Farm |
| 11:49 | Investigar | Double-Bit Axe |
| 12:00 | Construir | House |
| 12:03 | Construir | Palisade Wall |
| 12:30 | Crear | Unit 2626 |
| 12:58 | Crear | Scout Cavalry |
| 13:01 | Construir | Farm |
| 13:04 | Construir | Farm |
| 13:23 | Construir | House |
| 13:34 | Crear | Villager (Male) |
| 13:55 | Edad | Edad de los Castillos |
| 13:56 | Construir | Monastery |
| 13:59 | Crear | Scout Cavalry |
| 14:03 | Construir | Monastery |
| 14:16 | Construir | Farm |
| 14:18 | Construir | Farm |
| 14:21 | Crear | Knight |
| 14:22 | Crear | Villager (Male) |
| 14:45 | Crear | Monk |
| 14:53 | Crear | Villager (Male) |
| 15:24 | Crear | Villager (Male) |
| 15:31 | Construir | Mining Camp |
| 15:37 | Construir | Town Center |
| 15:51 | Crear | Villager (Male) |
| 15:56 | Crear | Monk |
| 16:05 | Construir | House |
| 16:11 | Crear | Villager (Male) |
| 16:39 | Crear | Villager (Male) |
| 16:49 | Crear | Monk |
| 17:00 | Construir | Town Center |
| 17:12 | Crear | Monk |
| 17:19 | Crear | Villager (Male) |
| 17:19 | Crear | Villager (Male) |
| 17:20 | Crear | Villager (Male) |
| 17:35 | Crear | Villager (Male) |
| 17:53 | Crear | Villager (Male) |
| 17:55 | Construir | Mill |
| 18:05 | Construir | Farm |
| 18:06 | Construir | Farm |
| 18:13 | Crear | Villager (Male) |
| 18:21 | Investigar | Loom |
| 18:21 | Investigar | Loom |
| 18:28 | Crear | Monk |
| 18:37 | Crear | Villager (Male) |
| 18:37 | Construir | Farm |
| 18:43 | Crear | Villager (Male) |
| 18:56 | Construir | Mill |
| 18:58 | Crear | Villager (Male) |
| 19:09 | Crear | Villager (Male) |
| 19:09 | Crear | Monk |
| 19:27 | Crear | Villager (Male) |
| 19:30 | Construir | Farm |
| 19:31 | Construir | Farm |
| 19:43 | Crear | Villager (Male) |
| 19:48 | Crear | Villager (Male) |
| 19:48 | Crear | Villager (Male) |
| 19:48 | Crear | Villager (Male) |
| 19:56 | Construir | House |
| 19:56 | Construir | House |
| 20:03 | Crear | Monk |
| 20:05 | Crear | Villager (Male) |
| 20:07 | Construir | House |
| 20:08 | Construir | House |
| 20:16 | Crear | Villager (Male) |
| 20:33 | Construir | House |
| 20:39 | Crear | Villager (Male) |
| 20:49 | Crear | Villager (Male) |
| 20:49 | Crear | Villager (Male) |
| 20:54 | Crear | Villager (Male) |
| 20:55 | Construir | Outpost |
| 20:57 | Crear | Villager (Male) |
| 21:08 | Crear | Monk |
| 21:09 | Crear | Villager (Male) |
| 21:10 | Construir | Palisade Wall |
| 21:10 | Construir | Palisade Wall |
| 21:11 | Construir | Palisade Wall |
| 21:15 | Crear | Villager (Male) |
| 21:17 | Crear | Villager (Male) |
| 21:17 | Crear | Villager (Male) |
| 21:18 | Construir | Farm |
| 21:19 | Construir | Farm |
| 21:28 | Construir | Mill |
| 21:30 | Crear | Villager (Male) |
| 21:43 | Crear | Monk |
| 21:44 | Crear | Villager (Male) |
| 21:47 | Construir | House |
| 21:51 | Construir | Town Center |
| 22:06 | Crear | Villager (Male) |
| 22:06 | Crear | Villager (Male) |
| 22:06 | Crear | Villager (Male) |
| 22:16 | Crear | Villager (Male) |
| 22:21 | Construir | Town Center |
| 22:26 | Crear | Monk |
| 22:27 | Crear | Villager (Male) |
| 22:35 | Crear | Villager (Male) |
| 22:41 | Construir | Farm |
| 22:42 | Construir | Farm |
| 22:43 | Investigar | Horse Collar |
| 22:56 | Crear | Monk |
| 22:58 | Crear | Villager (Male) |
| 22:59 | Crear | Villager (Male) |
| 23:00 | Construir | Farm |
| 23:01 | Construir | Farm |
| 23:03 | Crear | Villager (Male) |
| 23:08 | Construir | House |
| 23:10 | Construir | Mining Camp |
| 23:11 | Crear | Villager (Male) |
| 23:28 | Crear | Villager (Male) |
| 23:38 | Crear | Villager (Male) |
Build order — [DAO] Encoded29
Primeras 150 de 254 acciones detectadas
| 0:07 | Construir | Dock |
| 0:24 | Construir | Town Center |
| 2:51 | Investigar | Loom |
| 3:09 | Crear | Villager (Male) |
| 3:47 | Crear | Villager (Male) |
| 3:53 | Crear | Villager (Male) |
| 4:14 | Crear | Villager (Male) |
| 4:34 | Crear | Fishing Ship |
| 5:00 | Construir | House |
| 5:08 | Crear | Villager (Male) |
| 5:23 | Crear | Villager (Male) |
| 5:23 | Crear | Villager (Male) |
| 5:36 | Crear | Fishing Ship |
| 5:51 | Crear | Villager (Male) |
| 6:07 | Construir | House |
| 6:18 | Crear | Villager (Male) |
| 6:24 | Crear | Fishing Ship |
| 6:50 | Crear | Villager (Male) |
| 7:15 | Crear | Fishing Ship |
| 7:17 | Crear | Villager (Male) |
| 7:37 | Crear | Villager (Male) |
| 8:07 | Crear | Fishing Ship |
| 8:22 | Crear | Villager (Male) |
| 8:30 | Construir | Lumber Camp |
| 8:51 | Crear | Villager (Male) |
| 8:55 | Construir | House |
| 9:10 | Investigar | Feudal Age |
| 9:14 | Construir | Mining Camp |
| 9:56 | Construir | Dock |
| 10:41 | Construir | House |
| 11:20 | Edad | Edad Feudal |
| 11:22 | Crear | Unit 2626 |
| 11:22 | Crear | Unit 2626 |
| 11:22 | Crear | Unit 2626 |
| 11:23 | Crear | Villager (Male) |
| 11:25 | Investigar | Double-Bit Axe |
| 11:31 | Construir | Outpost |
| 11:37 | Construir | Outpost |
| 11:45 | Crear | Villager (Male) |
| 12:13 | Crear | Unit 2626 |
| 12:24 | Crear | Villager (Male) |
| 12:26 | Crear | Villager (Male) |
| 12:48 | Crear | Villager (Male) |
| 12:57 | Crear | Unit 2626 |
| 13:03 | Construir | House |
| 13:19 | Crear | Villager (Male) |
| 13:27 | Crear | Unit 2626 |
| 13:38 | Crear | Villager (Male) |
| 13:44 | Crear | Unit 2626 |
| 13:56 | Construir | House |
| 14:33 | Crear | Villager (Male) |
| 14:39 | Construir | Barracks |
| 14:52 | Crear | Villager (Male) |
| 15:05 | Construir | Mill |
| 15:09 | Crear | Spearman |
| 15:18 | Crear | Villager (Male) |
| 15:24 | Crear | Spearman |
| 15:26 | Crear | Villager (Male) |
| 15:42 | Construir | Market |
| 15:46 | Construir | Blacksmith |
| 15:47 | Crear | Spearman |
| 15:48 | Crear | Villager (Male) |
| 15:53 | Crear | Fishing Ship |
| 16:03 | Crear | Spearman |
| 16:12 | Construir | House |
| 16:17 | Crear | Villager (Male) |
| 16:18 | Crear | Spearman |
| 16:28 | Construir | Farm |
| 16:36 | Crear | Villager (Male) |
| 16:40 | Construir | House |
| 17:03 | Construir | Farm |
| 17:05 | Construir | Farm |
| 17:21 | Crear | Villager (Male) |
| 17:54 | Crear | Villager (Male) |
| 17:59 | Construir | Farm |
| 18:01 | Construir | Farm |
| 18:16 | Crear | Villager (Male) |
| 18:33 | Crear | Fishing Ship |
| 18:33 | Crear | Fishing Ship |
| 18:36 | Construir | House |
| 18:47 | Crear | Villager (Male) |
| 19:15 | Construir | House |
| 19:28 | Crear | Villager (Male) |
| 19:58 | Investigar | Castle Age |
| 20:00 | Construir | House |
| 20:28 | Crear | Spearman |
| 21:46 | Construir | Farm |
| 22:06 | Crear | Spearman |
| 22:09 | Construir | House |
| 22:37 | Crear | Villager (Male) |
| 22:38 | Edad | Edad de los Castillos |
| 22:43 | Construir | Castle |
| 22:57 | Crear | Spearman |
| 23:01 | Construir | Town Center |
| 23:04 | Construir | Town Center |
| 23:05 | Crear | Villager (Male) |
| 23:30 | Crear | Villager (Male) |
| 23:37 | Construir | Lumber Camp |
| 23:38 | Crear | Villager (Male) |
| 23:42 | Crear | Chu Ko Nu |
| 23:42 | Crear | Chu Ko Nu |
| 23:42 | Crear | Chu Ko Nu |
| 23:46 | Investigar | Fletching |
| 23:54 | Crear | Villager (Male) |
| 23:57 | Crear | Villager (Male) |
| 23:57 | Crear | Villager (Male) |
| 24:11 | Crear | Chu Ko Nu |
| 24:15 | Crear | Villager (Male) |
| 24:19 | Crear | Villager (Male) |
| 24:23 | Crear | Villager (Male) |
| 24:26 | Crear | Chu Ko Nu |
| 25:00 | Construir | Town Center |
| 25:09 | Investigar | Bodkin Arrow |
| 25:18 | Construir | House |
| 25:57 | Crear | Villager (Male) |
| 25:57 | Crear | Villager (Male) |
| 26:08 | Construir | Monastery |
| 26:14 | Crear | Villager (Male) |
| 26:15 | Crear | Villager (Male) |
| 26:16 | Crear | Villager (Male) |
| 26:17 | Crear | Villager (Male) |
| 26:21 | Crear | Spearman |
| 26:44 | Crear | Villager (Male) |
| 26:44 | Crear | Villager (Male) |
| 27:12 | Crear | Monk |
| 27:14 | Construir | Farm |
| 27:14 | Crear | Villager (Male) |
| 27:17 | Crear | Chu Ko Nu |
| 27:17 | Crear | Chu Ko Nu |
| 27:40 | Crear | Monk |
| 27:44 | Crear | Villager (Male) |
| 27:49 | Construir | Farm |
| 27:49 | Construir | Farm |
| 27:49 | Construir | Farm |
| 27:50 | Construir | Farm |
| 27:50 | Construir | Farm |
| 27:50 | Construir | Farm |
| 27:51 | Crear | Villager (Male) |
| 27:54 | Investigar | Horse Collar |
| 27:55 | Investigar | Bow Saw |
| 27:56 | Crear | Villager (Male) |
| 27:58 | Crear | Villager (Male) |
| 28:02 | Crear | Villager (Male) |
| 28:25 | Crear | Villager (Male) |
| 28:28 | Construir | Lumber Camp |
| 28:31 | Construir | Farm |
| 28:31 | Construir | Farm |
| 28:31 | Construir | Farm |
| 28:31 | Construir | Farm |
| 28:32 | Construir | Farm |
Build order — Cl3m3nT
Primeras 150 de 221 acciones detectadas
| 0:25 | Construir | Town Center |
| 0:33 | Construir | Dock |
| 0:35 | Construir | House |
| 2:28 | Crear | Villager (Male) |
| 2:28 | Crear | Villager (Male) |
| 2:29 | Crear | Villager (Male) |
| 2:29 | Crear | Villager (Male) |
| 3:11 | Crear | Fishing Ship |
| 3:45 | Crear | Villager (Male) |
| 3:49 | Construir | House |
| 4:09 | Investigar | Loom |
| 4:15 | Crear | Villager (Male) |
| 4:22 | Crear | Villager (Male) |
| 4:35 | Crear | Fishing Ship |
| 4:54 | Construir | Palisade Wall |
| 4:58 | Construir | Palisade Wall |
| 5:04 | Crear | Villager (Male) |
| 5:22 | Construir | House |
| 5:29 | Crear | Villager (Male) |
| 5:36 | Crear | Fishing Ship |
| 6:09 | Crear | Fishing Ship |
| 6:13 | Crear | Villager (Male) |
| 6:34 | Construir | House |
| 6:35 | Construir | House |
| 6:40 | Crear | Villager (Male) |
| 6:45 | Crear | Villager (Male) |
| 6:58 | Crear | Fishing Ship |
| 7:33 | Crear | Villager (Male) |
| 7:48 | Construir | House |
| 7:56 | Crear | Fishing Ship |
| 8:03 | Crear | Villager (Male) |
| 8:36 | Crear | Villager (Male) |
| 8:38 | Construir | Lumber Camp |
| 9:02 | Investigar | Feudal Age |
| 9:23 | Construir | Dock |
| 9:40 | Construir | House |
| 10:31 | Construir | House |
| 10:41 | Construir | Dock |
| 10:59 | Construir | Mining Camp |
| 11:12 | Edad | Edad Feudal |
| 11:13 | Crear | Unit 2626 |
| 11:15 | Crear | Villager (Male) |
| 11:15 | Crear | Villager (Male) |
| 11:23 | Crear | Villager (Male) |
| 11:33 | Crear | Villager (Male) |
| 11:36 | Investigar | Double-Bit Axe |
| 11:52 | Crear | Unit 2626 |
| 11:54 | Crear | Villager (Male) |
| 12:08 | Crear | Fishing Ship |
| 12:14 | Crear | Villager (Male) |
| 12:24 | Crear | Villager (Male) |
| 12:37 | Crear | Villager (Male) |
| 12:40 | Construir | House |
| 12:42 | Construir | House |
| 12:43 | Construir | House |
| 12:57 | Crear | Unit 2626 |
| 12:59 | Crear | Villager (Male) |
| 13:11 | Crear | Fishing Ship |
| 13:22 | Crear | Villager (Male) |
| 13:36 | Crear | Villager (Male) |
| 13:41 | Construir | Blacksmith |
| 13:54 | Crear | Villager (Male) |
| 14:08 | Construir | Outpost |
| 14:09 | Construir | Outpost |
| 14:22 | Crear | Villager (Male) |
| 14:46 | Crear | Villager (Male) |
| 14:51 | Construir | Mill |
| 15:09 | Crear | Unit 2626 |
| 15:12 | Crear | Villager (Male) |
| 15:21 | Construir | Market |
| 15:27 | Crear | Villager (Male) |
| 15:29 | Investigar | Gold Mining |
| 15:43 | Investigar | Stone Mining |
| 16:09 | Crear | Unit 2626 |
| 16:26 | Investigar | Castle Age |
| 16:46 | Crear | Unit 2626 |
| 16:53 | Construir | Outpost |
| 17:16 | Crear | Unit 2626 |
| 17:39 | Construir | Outpost |
| 17:48 | Crear | Unit 2626 |
| 17:53 | Crear | Unit 2626 |
| 18:04 | Construir | Outpost |
| 18:05 | Construir | Outpost |
| 18:08 | Construir | Outpost |
| 18:13 | Construir | Outpost |
| 18:20 | Crear | Villager (Male) |
| 18:22 | Construir | Lumber Camp |
| 18:31 | Construir | House |
| 19:20 | Edad | Edad de los Castillos |
| 19:22 | Crear | Villager (Male) |
| 19:26 | Crear | Unit 2626 |
| 19:29 | Investigar | War Galley (upgrade) |
| 19:30 | Crear | Villager (Male) |
| 19:35 | Construir | Castle |
| 19:49 | Crear | Unit 2626 |
| 19:50 | Crear | Unit 2626 |
| 19:53 | Investigar | Bow Saw |
| 20:18 | Crear | Unit 2626 |
| 20:18 | Crear | Unit 2626 |
| 20:25 | Crear | Villager (Male) |
| 20:30 | Construir | Outpost |
| 20:47 | Construir | University |
| 20:48 | Crear | Villager (Male) |
| 21:02 | Construir | Mining Camp |
| 21:13 | Crear | Fishing Ship |
| 21:14 | Crear | Fishing Ship |
| 21:15 | Crear | Villager (Male) |
| 21:33 | Construir | Watch Tower |
| 21:38 | Crear | Villager (Male) |
| 21:41 | Investigar | Guard Tower (upgrade) |
| 22:08 | Crear | Villager (Male) |
| 22:13 | Crear | Fishing Ship |
| 22:43 | Construir | Mining Camp |
| 22:46 | Construir | Watch Tower |
| 22:47 | Construir | Palisade Wall |
| 22:47 | Construir | Palisade Wall |
| 22:57 | Construir | Farm |
| 22:58 | Construir | Farm |
| 23:13 | Crear | Fishing Ship |
| 23:17 | Investigar | Fletching |
| 23:19 | Construir | Farm |
| 23:20 | Construir | Farm |
| 23:32 | Construir | Watch Tower |
| 23:43 | Construir | Stone Wall |
| 23:43 | Construir | Stone Wall |
| 23:44 | Construir | Stone Wall |
| 23:44 | Construir | Stone Wall |
| 23:57 | Crear | Villager (Male) |
| 24:00 | Crear | Fishing Ship |
| 24:05 | Construir | Monastery |
| 24:18 | Crear | Villager (Male) |
| 24:19 | Construir | Lumber Camp |
| 24:27 | Crear | Fishing Ship |
| 24:31 | Investigar | Tech 906 |
| 24:44 | Construir | Watch Tower |
| 24:49 | Crear | Villager (Male) |
| 24:59 | Construir | Palisade Gate |
| 25:01 | Construir | House |
| 25:14 | Crear | Villager (Male) |
| 25:23 | Construir | Watch Tower |
| 25:26 | Crear | Villager (Male) |
| 25:37 | Crear | Monk |
| 25:42 | Crear | Villager (Male) |
| 25:45 | Construir | Mining Camp |
| 25:50 | Construir | Farm |
| 25:51 | Construir | Farm |
| 25:59 | Crear | Villager (Male) |
| 26:12 | Crear | Villager (Male) |
| 26:18 | Crear | Unit 2626 |
| 26:31 | Crear | Villager (Male) |
Build order — OS+ | Loki
Primeras 150 de 346 acciones detectadas
| 0:19 | Construir | Town Center |
| 0:26 | Construir | Dock |
| 0:52 | Construir | House |
| 1:34 | Construir | Palisade Wall |
| 2:13 | Crear | Villager (Male) |
| 2:13 | Crear | Villager (Male) |
| 2:13 | Crear | Villager (Male) |
| 2:13 | Crear | Villager (Male) |
| 2:50 | Construir | House |
| 3:31 | Crear | Villager (Male) |
| 3:39 | Crear | Fishing Ship |
| 3:39 | Crear | Fishing Ship |
| 4:02 | Crear | Villager (Male) |
| 4:23 | Crear | Fishing Ship |
| 4:23 | Crear | Fishing Ship |
| 4:26 | Crear | Villager (Male) |
| 4:26 | Crear | Villager (Male) |
| 4:57 | Crear | Villager (Male) |
| 4:59 | Crear | Fishing Ship |
| 5:06 | Construir | House |
| 5:26 | Crear | Fishing Ship |
| 5:34 | Crear | Villager (Male) |
| 5:35 | Crear | Villager (Male) |
| 5:56 | Crear | Fishing Ship |
| 5:58 | Crear | Villager (Male) |
| 6:07 | Construir | House |
| 6:22 | Crear | Villager (Male) |
| 6:40 | Crear | Villager (Male) |
| 6:41 | Crear | Fishing Ship |
| 6:53 | Crear | Villager (Male) |
| 7:11 | Crear | Villager (Male) |
| 7:23 | Construir | House |
| 7:25 | Crear | Fishing Ship |
| 8:01 | Crear | Villager (Male) |
| 8:07 | Crear | Fishing Ship |
| 8:23 | Crear | Villager (Male) |
| 8:40 | Construir | Palisade Wall |
| 8:52 | Investigar | Loom |
| 9:04 | Construir | Mule Cart |
| 9:22 | Investigar | Feudal Age |
| 9:22 | Investigar | Feudal Age |
| 10:24 | Construir | Dock |
| 10:36 | Construir | House |
| 11:04 | Crear | Villager (Male) |
| 11:04 | Crear | Villager (Male) |
| 11:08 | Construir | House |
| 11:30 | Construir | House |
| 11:32 | Edad | Edad Feudal |
| 11:38 | Construir | Mill |
| 11:42 | Crear | Unit 2626 |
| 11:45 | Crear | Galley |
| 11:45 | Crear | Galley |
| 11:47 | Investigar | Double-Bit Axe |
| 11:47 | Investigar | Double-Bit Axe |
| 11:47 | Crear | Villager (Male) |
| 12:12 | Construir | Blacksmith |
| 12:16 | Crear | Villager (Male) |
| 12:24 | Crear | Galley |
| 12:25 | Crear | Galley |
| 12:27 | Crear | Villager (Male) |
| 12:46 | Crear | Galley |
| 13:08 | Crear | Galley |
| 13:30 | Crear | Villager (Male) |
| 13:30 | Crear | Galley |
| 13:50 | Crear | Galley |
| 13:51 | Crear | Villager (Male) |
| 14:32 | Construir | Market |
| 14:45 | Crear | Galley |
| 15:03 | Crear | Villager (Male) |
| 15:03 | Crear | Galley |
| 15:07 | Investigar | Fletching |
| 15:20 | Crear | Villager (Male) |
| 16:10 | Investigar | Castle Age |
| 16:22 | Construir | Mill |
| 16:29 | Crear | Galley |
| 16:37 | Construir | House |
| 16:37 | Construir | House |
| 16:49 | Crear | Galley |
| 17:23 | Construir | House |
| 17:23 | Construir | House |
| 17:42 | Crear | Villager (Male) |
| 17:49 | Construir | Dock |
| 18:10 | Crear | Galley |
| 18:11 | Crear | Galley |
| 18:50 | Edad | Edad de los Castillos |
| 18:56 | Investigar | Bodkin Arrow |
| 19:15 | Crear | Villager (Male) |
| 19:18 | Construir | Monastery |
| 19:28 | Investigar | War Galley (upgrade) |
| 19:31 | Crear | Villager (Male) |
| 19:39 | Construir | Town Center |
| 19:54 | Crear | Villager (Male) |
| 19:56 | Crear | Villager (Male) |
| 19:58 | Crear | Galley |
| 19:58 | Crear | Galley |
| 20:17 | Crear | Warrior Priest |
| 20:19 | Construir | House |
| 21:23 | Investigar | Wheelbarrow |
| 21:23 | Crear | Villager (Male) |
| 21:24 | Crear | Villager (Male) |
| 21:24 | Crear | Villager (Male) |
| 21:29 | Construir | Monastery |
| 21:30 | Crear | Villager (Male) |
| 21:40 | Construir | Farm |
| 21:40 | Construir | Farm |
| 21:41 | Construir | Farm |
| 21:57 | Crear | Villager (Male) |
| 21:58 | Crear | Villager (Male) |
| 22:21 | Construir | Outpost |
| 22:22 | Crear | Villager (Male) |
| 22:24 | Crear | Warrior Priest |
| 22:28 | Construir | Town Center |
| 22:30 | Crear | Villager (Male) |
| 22:30 | Crear | Villager (Male) |
| 22:34 | Crear | Fishing Ship |
| 22:39 | Crear | Unit 2626 |
| 22:41 | Crear | Unit 2626 |
| 22:43 | Crear | Villager (Male) |
| 22:43 | Crear | Villager (Male) |
| 22:47 | Construir | Farm |
| 22:50 | Construir | Farm |
| 22:51 | Crear | Villager (Male) |
| 23:04 | Crear | Monk |
| 23:06 | Crear | Monk |
| 23:06 | Crear | Villager (Male) |
| 23:22 | Construir | Farm |
| 23:23 | Construir | Farm |
| 23:28 | Investigar | Horse Collar |
| 23:28 | Investigar | Horse Collar |
| 23:44 | Crear | Villager (Male) |
| 23:48 | Construir | Farm |
| 23:48 | Construir | Farm |
| 23:49 | Construir | Farm |
| 23:50 | Crear | Villager (Male) |
| 24:08 | Construir | Monastery |
| 24:09 | Crear | Villager (Male) |
| 24:09 | Crear | Villager (Male) |
| 24:20 | Crear | Villager (Male) |
| 24:20 | Crear | Villager (Male) |
| 24:28 | Crear | Villager (Male) |
| 24:28 | Crear | Villager (Male) |
| 24:28 | Crear | Villager (Male) |
| 24:38 | Construir | Barracks |
| 24:45 | Crear | Villager (Male) |
| 24:45 | Crear | Villager (Male) |
| 24:45 | Crear | Villager (Male) |
| 25:05 | Crear | Villager (Male) |
| 25:05 | Crear | Villager (Male) |
| 25:05 | Crear | Villager (Male) |
| 25:11 | Construir | Mule Cart |
Build order — benni9
Primeras 150 de 194 acciones detectadas
| 0:05 | Construir | Town Center |
| 1:04 | Construir | Dock |
| 1:21 | Construir | House |
| 2:13 | Crear | Villager (Male) |
| 2:14 | Crear | Villager (Male) |
| 2:14 | Crear | Villager (Male) |
| 2:18 | Construir | Palisade Wall |
| 2:19 | Construir | Palisade Wall |
| 2:52 | Crear | Villager (Male) |
| 3:10 | Crear | Fishing Ship |
| 3:28 | Construir | House |
| 3:55 | Crear | Fishing Ship |
| 4:09 | Crear | Villager (Male) |
| 4:31 | Crear | Fishing Ship |
| 4:56 | Crear | Villager (Male) |
| 5:14 | Crear | Fishing Ship |
| 5:28 | Construir | House |
| 5:34 | Crear | Villager (Male) |
| 5:34 | Crear | Villager (Male) |
| 5:34 | Crear | Villager (Male) |
| 5:40 | Investigar | Loom |
| 5:43 | Crear | Villager (Male) |
| 6:01 | Crear | Villager (Male) |
| 6:22 | Crear | Villager (Male) |
| 6:41 | Crear | Fishing Ship |
| 7:00 | Construir | Lumber Camp |
| 7:10 | Crear | Villager (Male) |
| 7:19 | Crear | Villager (Male) |
| 7:24 | Crear | Villager (Male) |
| 7:40 | Investigar | Double-Bit Axe |
| 7:45 | Crear | Fishing Ship |
| 7:56 | Construir | House |
| 8:25 | Construir | House |
| 8:43 | Crear | Villager (Male) |
| 9:10 | Construir | Dock |
| 9:23 | Crear | Fishing Ship |
| 9:36 | Crear | Villager (Male) |
| 9:48 | Crear | Fishing Ship |
| 9:52 | Crear | Villager (Male) |
| 10:02 | Construir | Mining Camp |
| 10:03 | Crear | Villager (Male) |
| 10:26 | Construir | House |
| 10:34 | Crear | Fishing Ship |
| 10:49 | Crear | Villager (Male) |
| 10:49 | Investigar | Feudal Age |
| 11:17 | Construir | Mill |
| 11:29 | Investigar | Tech 906 |
| 11:29 | Investigar | Tech 906 |
| 11:31 | Crear | Villager (Male) |
| 13:02 | Edad | Edad Feudal |
| 13:03 | Construir | Market |
| 13:07 | Construir | Blacksmith |
| 13:18 | Crear | Villager (Male) |
| 13:25 | Construir | House |
| 13:36 | Construir | Dock |
| 13:51 | Investigar | Castle Age |
| 14:07 | Investigar | Bow Saw |
| 14:07 | Investigar | Bow Saw |
| 14:54 | Crear | Fire Galley |
| 14:55 | Crear | Fire Galley |
| 14:55 | Crear | Fire Galley |
| 15:18 | Construir | Mining Camp |
| 15:23 | Crear | Villager (Male) |
| 15:33 | Construir | Palisade Wall |
| 15:34 | Construir | Palisade Wall |
| 15:34 | Construir | Palisade Wall |
| 15:38 | Construir | Palisade Wall |
| 15:51 | Crear | Fire Galley |
| 15:52 | Investigar | Gold Mining |
| 16:32 | Edad | Edad de los Castillos |
| 16:49 | Crear | Villager (Male) |
| 16:52 | Construir | Monastery |
| 17:08 | Crear | Villager (Male) |
| 17:22 | Construir | Monastery |
| 17:31 | Construir | House |
| 17:33 | Crear | Monk |
| 17:39 | Construir | House |
| 17:45 | Crear | Villager (Male) |
| 17:53 | Construir | House |
| 17:55 | Construir | Palisade Wall |
| 18:10 | Crear | Villager (Male) |
| 18:17 | Construir | Mining Camp |
| 18:18 | Crear | Villager (Male) |
| 18:31 | Crear | Villager (Male) |
| 18:32 | Crear | Monk |
| 18:32 | Crear | Monk |
| 18:40 | Investigar | Wheelbarrow |
| 18:41 | Crear | Villager (Male) |
| 18:44 | Construir | Mining Camp |
| 18:46 | Crear | Villager (Male) |
| 18:53 | Crear | Monk |
| 19:31 | Investigar | Devotion |
| 19:33 | Investigar | Sanctity |
| 19:34 | Crear | Villager (Male) |
| 19:34 | Crear | Villager (Male) |
| 19:56 | Construir | Mining Camp |
| 20:08 | Crear | Monk |
| 20:08 | Crear | Monk |
| 20:24 | Construir | House |
| 21:00 | Crear | Villager (Male) |
| 21:00 | Crear | Villager (Male) |
| 21:27 | Crear | Villager (Male) |
| 21:40 | Construir | Castle |
| 21:44 | Crear | Monk |
| 21:49 | Construir | House |
| 22:02 | Construir | House |
| 22:20 | Construir | Siege Workshop |
| 22:30 | Construir | Town Center |
| 23:01 | Crear | Mangonel |
| 23:19 | Crear | Petard |
| 23:19 | Crear | Petard |
| 23:28 | Crear | Coustillier |
| 23:28 | Crear | Coustillier |
| 23:28 | Crear | Coustillier |
| 23:31 | Investigar | Scale Barding Armor |
| 23:31 | Investigar | Scale Barding Armor |
| 23:35 | Crear | Monk |
| 23:57 | Construir | House |
| 24:34 | Construir | Outpost |
| 24:53 | Crear | Villager (Male) |
| 24:53 | Crear | Villager (Male) |
| 24:56 | Crear | Villager (Male) |
| 25:00 | Crear | Mangonel |
| 25:04 | Crear | Coustillier |
| 25:04 | Crear | Coustillier |
| 25:23 | Crear | Villager (Male) |
| 25:31 | Crear | Petard |
| 25:31 | Crear | Petard |
| 25:31 | Crear | Petard |
| 25:31 | Crear | Petard |
| 25:35 | Crear | Villager (Male) |
| 25:45 | Construir | Gate |
| 25:49 | Construir | Stone Wall |
| 25:52 | Construir | Stone Wall |
| 26:11 | Crear | Villager (Male) |
| 26:22 | Crear | Villager (Male) |
| 26:27 | Crear | Petard |
| 26:27 | Crear | Petard |
| 26:33 | Construir | Mining Camp |
| 26:55 | Construir | House |
| 27:01 | Construir | Castle |
| 27:05 | Crear | Petard |
| 27:20 | Crear | Monk |
| 27:26 | Crear | Monk |
| 27:27 | Crear | Monk |
| 27:53 | Crear | Petard ×5 |
| 27:53 | Crear | Petard |
| 28:31 | Construir | Mining Camp |
| 28:42 | Crear | Petard |
| 28:42 | Crear | Petard |
Build order — Shulk
Primeras 150 de 318 acciones detectadas
| 0:12 | Construir | Town Center |
| 0:31 | Construir | House |
| 0:40 | Construir | Dock |
| 1:59 | Crear | Villager (Male) |
| 1:59 | Crear | Villager (Male) |
| 2:00 | Crear | Villager (Male) |
| 2:00 | Crear | Villager (Male) |
| 2:44 | Crear | Fishing Ship |
| 3:18 | Construir | House |
| 3:22 | Crear | Villager (Male) |
| 4:10 | Crear | Villager (Male) |
| 4:10 | Crear | Villager (Male) |
| 4:21 | Crear | Villager (Male) |
| 4:21 | Crear | Villager (Male) |
| 4:25 | Crear | Fishing Ship |
| 4:32 | Crear | Villager (Male) |
| 4:53 | Construir | Palisade Wall |
| 5:00 | Construir | House |
| 5:12 | Construir | House |
| 5:12 | Investigar | Loom |
| 5:14 | Crear | Villager (Male) |
| 5:35 | Crear | Fishing Ship |
| 5:43 | Crear | Villager (Male) |
| 6:15 | Crear | Fishing Ship |
| 6:28 | Crear | Villager (Male) |
| 6:29 | Crear | Villager (Male) |
| 6:39 | Crear | Fishing Ship |
| 7:06 | Construir | House |
| 7:39 | Construir | House |
| 7:51 | Construir | Mining Camp |
| 7:54 | Crear | Villager (Male) |
| 8:13 | Crear | Villager (Male) |
| 8:14 | Crear | Villager (Male) |
| 8:14 | Crear | Fishing Ship |
| 9:04 | Crear | Villager (Male) |
| 9:24 | Crear | Fishing Ship |
| 9:42 | Construir | House |
| 9:52 | Crear | Villager (Male) |
| 9:54 | Investigar | Feudal Age |
| 10:33 | Construir | Mill |
| 10:42 | Construir | Dock |
| 11:41 | Crear | Villager (Male) |
| 11:42 | Crear | Villager (Male) |
| 12:04 | Edad | Edad Feudal |
| 12:06 | Construir | Market |
| 12:13 | Construir | Blacksmith |
| 13:03 | Investigar | Castle Age |
| 13:45 | Construir | Outpost |
| 14:09 | Construir | House |
| 15:43 | Edad | Edad de los Castillos |
| 15:46 | Crear | Villager (Male) |
| 15:48 | Crear | Villager (Male) |
| 15:49 | Crear | Villager (Male) |
| 15:54 | Construir | Lumber Camp |
| 15:54 | Crear | Villager (Male) |
| 16:07 | Construir | Castle |
| 16:08 | Crear | Villager (Male) |
| 16:19 | Construir | Palisade Wall |
| 16:21 | Construir | Palisade Wall |
| 16:28 | Crear | Villager (Male) |
| 16:39 | Crear | Villager (Male) |
| 16:45 | Crear | Villager (Male) |
| 16:54 | Construir | Town Center |
| 16:55 | Crear | Villager (Male) |
| 17:08 | Crear | Villager (Male) |
| 17:10 | Construir | Lumber Camp |
| 17:20 | Crear | Villager (Male) |
| 17:31 | Crear | Villager (Male) |
| 17:42 | Construir | Watch Tower |
| 17:42 | Crear | Villager (Male) |
| 17:55 | Crear | Villager (Male) |
| 18:10 | Crear | Villager (Male) |
| 18:14 | Construir | Palisade Wall |
| 18:18 | Construir | Palisade Wall |
| 18:18 | Construir | Palisade Wall |
| 18:20 | Crear | Villager (Male) |
| 18:23 | Crear | War Wagon |
| 18:39 | Crear | Villager (Male) |
| 18:40 | Crear | Villager (Male) |
| 18:40 | Crear | Villager (Male) |
| 18:55 | Crear | Villager (Male) |
| 19:02 | Crear | Villager (Male) |
| 19:07 | Crear | War Wagon |
| 19:07 | Crear | War Wagon |
| 19:08 | Crear | Villager (Male) |
| 19:37 | Construir | Monastery |
| 19:47 | Crear | War Wagon |
| 20:04 | Construir | Siege Workshop |
| 20:06 | Crear | Villager (Male) |
| 20:24 | Crear | Monk |
| 20:30 | Crear | Villager (Male) |
| 20:55 | Construir | Mining Camp |
| 20:58 | Crear | Battering Ram |
| 21:10 | Construir | Mill |
| 21:13 | Crear | Villager (Male) |
| 21:14 | Crear | Villager (Male) |
| 21:14 | Crear | Villager (Male) |
| 21:51 | Crear | Villager (Male) |
| 21:53 | Crear | Villager (Male) |
| 22:06 | Crear | War Wagon |
| 22:27 | Crear | Villager (Male) |
| 22:30 | Crear | War Wagon |
| 22:31 | Crear | War Wagon |
| 22:40 | Crear | Villager (Male) |
| 22:42 | Crear | War Wagon |
| 22:48 | Construir | Stone Wall |
| 22:51 | Crear | Villager (Male) |
| 22:51 | Crear | Villager (Male) |
| 22:56 | Crear | Villager (Male) |
| 23:15 | Crear | Villager (Male) |
| 23:18 | Crear | Villager (Male) |
| 23:33 | Crear | Villager (Male) |
| 23:33 | Crear | Villager (Male) |
| 23:38 | Crear | War Wagon |
| 23:43 | Crear | Villager (Male) |
| 24:13 | Crear | Villager (Male) |
| 24:15 | Investigar | Double-Bit Axe |
| 24:19 | Crear | Monk |
| 24:34 | Construir | House |
| 24:35 | Construir | House |
| 24:39 | Investigar | Horse Collar |
| 24:40 | Crear | Villager (Male) |
| 24:43 | Construir | House |
| 24:44 | Construir | House |
| 24:48 | Crear | Villager (Male) |
| 25:04 | Crear | Villager (Male) |
| 25:17 | Crear | Fishing Ship |
| 25:17 | Crear | Fishing Ship |
| 25:25 | Construir | Mining Camp |
| 25:27 | Construir | Farm |
| 25:27 | Construir | Farm |
| 25:28 | Construir | Farm |
| 25:33 | Construir | Farm |
| 25:35 | Construir | Farm |
| 25:35 | Crear | Villager (Male) |
| 25:39 | Construir | Farm |
| 25:42 | Construir | Farm |
| 25:46 | Construir | Farm |
| 25:54 | Crear | Iron Pagoda |
| 25:56 | Crear | Villager (Male) |
| 25:58 | Construir | Farm |
| 26:00 | Construir | Farm |
| 26:09 | Construir | Mining Camp |
| 26:11 | Construir | Farm |
| 26:22 | Crear | Villager (Male) |
| 26:24 | Investigar | Fletching |
| 26:26 | Crear | Villager (Male) |
| 26:33 | Construir | Farm |
| 26:34 | Construir | Farm |
| 26:35 | Construir | Farm |
Build order — Hans the Waller
Primeras 150 de 323 acciones detectadas
| 0:16 | Construir | Town Center |
| 1:12 | Construir | Dock |
| 1:17 | Construir | House |
| 2:19 | Crear | Villager (Male) |
| 2:20 | Crear | Villager (Male) |
| 2:20 | Crear | Villager (Male) |
| 2:20 | Crear | Villager (Male) |
| 3:10 | Crear | Fishing Ship |
| 3:11 | Crear | Fishing Ship |
| 3:47 | Construir | House |
| 3:48 | Crear | Villager (Male) |
| 3:49 | Crear | Villager (Male) |
| 4:36 | Crear | Villager (Male) |
| 4:36 | Crear | Villager (Male) |
| 4:44 | Crear | Fishing Ship |
| 5:25 | Crear | Villager (Male) |
| 5:25 | Crear | Villager (Male) |
| 5:33 | Construir | House |
| 5:41 | Crear | Villager (Male) |
| 6:07 | Crear | Fishing Ship |
| 6:11 | Crear | Villager (Male) |
| 6:11 | Crear | Villager (Male) |
| 6:57 | Crear | Fishing Ship |
| 6:58 | Crear | Villager (Male) |
| 7:03 | Construir | House |
| 7:05 | Crear | Villager (Male) |
| 7:05 | Crear | Villager (Male) |
| 7:28 | Crear | Fishing Ship |
| 7:49 | Crear | Villager (Male) |
| 8:05 | Crear | Villager (Male) |
| 8:13 | Crear | Villager (Male) |
| 8:13 | Crear | Villager (Male) |
| 8:14 | Crear | Villager (Male) |
| 8:14 | Crear | Villager (Male) |
| 8:36 | Construir | Lumber Camp |
| 8:45 | Crear | Villager (Male) |
| 8:47 | Crear | Villager (Male) |
| 8:54 | Construir | House |
| 9:27 | Construir | Dock |
| 10:23 | Crear | Fishing Ship |
| 10:23 | Crear | Fishing Ship |
| 10:26 | Crear | Villager (Male) |
| 10:26 | Crear | Villager (Male) |
| 10:26 | Crear | Villager (Male) |
| 10:26 | Crear | Villager (Male) |
| 10:28 | Construir | House |
| 10:40 | Construir | House |
| 10:47 | Investigar | Feudal Age |
| 11:40 | Construir | Mill |
| 12:31 | Crear | Villager (Male) |
| 12:32 | Crear | Villager (Male) |
| 12:57 | Edad | Edad Feudal |
| 13:00 | Construir | Market |
| 13:02 | Construir | Blacksmith |
| 13:49 | Construir | House |
| 13:56 | Investigar | Castle Age |
| 13:56 | Investigar | Castle Age |
| 14:27 | Crear | Villager (Male) |
| 14:50 | Investigar | Double-Bit Axe |
| 15:08 | Crear | Unit 2626 |
| 15:08 | Crear | Unit 2626 |
| 15:11 | Crear | Villager (Male) |
| 16:28 | Crear | Villager (Male) |
| 16:28 | Crear | Villager (Male) |
| 16:36 | Edad | Edad de los Castillos |
| 16:39 | Construir | Town Center |
| 16:42 | Construir | Monastery |
| 16:53 | Crear | Unit 2626 |
| 16:54 | Crear | Unit 2626 |
| 16:55 | Crear | Villager (Male) |
| 16:56 | Crear | Villager (Male) |
| 16:56 | Crear | Villager (Male) |
| 16:56 | Crear | Villager (Male) |
| 17:01 | Crear | Villager (Male) |
| 17:02 | Crear | Villager (Male) |
| 17:26 | Crear | Villager (Male) |
| 17:28 | Crear | Monk |
| 17:33 | Crear | Villager (Male) |
| 18:09 | Investigar | Loom |
| 18:11 | Investigar | Wheelbarrow |
| 18:12 | Crear | Villager (Male) |
| 18:12 | Crear | Villager (Male) |
| 18:12 | Crear | Villager (Male) |
| 18:12 | Crear | Villager (Male) |
| 18:18 | Construir | Farm |
| 18:19 | Construir | Farm |
| 18:35 | Crear | Villager (Male) |
| 18:35 | Crear | Villager (Male) |
| 18:49 | Crear | Villager (Male) |
| 18:52 | Construir | Farm |
| 18:55 | Crear | Villager (Male) |
| 19:27 | Crear | Villager (Male) |
| 19:27 | Crear | Villager (Male) |
| 19:38 | Crear | Villager (Male) |
| 19:38 | Crear | Villager (Male) |
| 19:38 | Crear | Villager (Male) |
| 19:42 | Crear | Villager (Male) |
| 19:49 | Construir | Farm |
| 19:50 | Construir | Farm |
| 19:50 | Construir | Farm |
| 19:51 | Construir | Farm |
| 20:01 | Crear | Villager (Male) |
| 20:18 | Crear | Villager (Male) |
| 20:18 | Crear | Villager (Male) |
| 20:18 | Crear | Villager (Male) |
| 20:19 | Crear | Villager (Male) |
| 20:21 | Construir | Castle |
| 20:32 | Investigar | Bow Saw |
| 20:33 | Investigar | Horse Collar |
| 20:41 | Crear | Villager (Male) |
| 20:50 | Crear | Villager (Male) |
| 20:55 | Construir | Farm |
| 21:22 | Construir | Farm |
| 21:23 | Construir | Farm |
| 21:40 | Construir | Town Center |
| 21:46 | Construir | Lumber Camp |
| 21:46 | Crear | Villager (Male) |
| 21:47 | Crear | Villager (Male) |
| 21:47 | Crear | Villager (Male) |
| 22:00 | Crear | Kipchak |
| 22:01 | Crear | Kipchak |
| 22:02 | Crear | Kipchak |
| 22:04 | Investigar | Fletching |
| 22:04 | Investigar | Padded Archer Armor |
| 22:04 | Investigar | Fletching |
| 22:11 | Construir | Farm |
| 22:23 | Construir | Lumber Camp |
| 22:27 | Crear | Villager (Male) |
| 22:27 | Crear | Villager (Male) |
| 22:27 | Crear | Villager (Male) |
| 22:37 | Crear | Kipchak |
| 22:47 | Crear | Kipchak |
| 22:47 | Crear | Kipchak |
| 22:49 | Crear | Villager (Male) |
| 22:49 | Crear | Villager (Male) |
| 22:49 | Crear | Villager (Male) |
| 22:50 | Crear | Villager (Male) |
| 22:57 | Crear | Villager (Male) |
| 23:07 | Crear | Villager (Male) |
| 23:13 | Crear | Kipchak |
| 23:13 | Crear | Kipchak |
| 23:32 | Investigar | Bodkin Arrow |
| 23:34 | Crear | Villager (Male) |
| 23:39 | Crear | Kipchak |
| 23:39 | Crear | Kipchak |
| 23:39 | Crear | Kipchak |
| 23:54 | Crear | Kipchak |
| 23:55 | Crear | Villager (Male) |
| 23:55 | Crear | Villager (Male) |
| 24:00 | Construir | Farm |
Cronología de la partida
| 0:07 | [DAO] Encoded29 · first_building Dock |
| 0:17 | TAG_Sitaux · first_building Dock |
| 0:26 | OS+ | Loki · first_building Dock |
| 0:33 | Cl3m3nT · first_building Dock |
| 0:40 | Shulk · first_building Dock |
| 1:04 | benni9 · first_building Dock |
| 1:12 | Hans the Waller · first_building Dock |
| 1:34 | OS+ | Loki · wall_segment Palisade Wall x1 |
| 2:18 | benni9 · wall_segment Palisade Wall x1 |
| 2:19 | benni9 · wall_segment Palisade Wall x1 |
| 2:43 | MoJRiM · first_building Dock |
| 4:53 | Shulk · wall_segment Palisade Wall x1 |
| 4:54 | Cl3m3nT · wall_segment Palisade Wall x1 |
| 4:58 | Cl3m3nT · wall_segment Palisade Wall x1 |
| 6:17 | TAG_Sitaux · wall_segment Palisade Wall x1 |
| 6:22 | TAG_Sitaux · wall_segment Palisade Wall x1 |
| 8:40 | OS+ | Loki · wall_segment Palisade Wall x1 |
| 11:12 | Cl3m3nT · age_up feudal |
| 11:13 | TAG_Sitaux · age_up feudal |
| 11:20 | TAG_Sitaux · first_building Stable |
| 11:20 | [DAO] Encoded29 · age_up feudal |
| 11:32 | OS+ | Loki · age_up feudal |
| 11:46 | MoJRiM · age_up feudal |
| 12:03 | TAG_Sitaux · wall_segment Palisade Wall x5 |
| 12:04 | Shulk · age_up feudal |
| 12:57 | Hans the Waller · age_up feudal |
| 13:00 | Shulk · first_market_sell 100 stone |
| 13:02 | benni9 · age_up feudal |
| 13:54 | Hans the Waller · first_market_sell 100 wood |
| 13:55 | TAG_Sitaux · age_up castle |
| 13:55 | Hans the Waller · first_market_buy 100 food |
| 13:56 | TAG_Sitaux · first_building Monastery |
| 14:39 | [DAO] Encoded29 · first_building Barracks |
| 15:33 | benni9 · wall_segment Palisade Wall x1 |
| 15:34 | benni9 · wall_segment Palisade Wall x1 |
| 15:34 | benni9 · wall_segment Palisade Wall x1 |
| 15:35 | MoJRiM · age_up castle |
| 15:38 | benni9 · wall_segment Palisade Wall x3 |
| 15:43 | Shulk · age_up castle |
| 15:52 | OS+ | Loki · first_market_sell 100 wood |
| 15:53 | OS+ | Loki · first_market_buy 100 food |
| 15:54 | MoJRiM · first_building Monastery |
| 16:07 | Shulk · first_building Castle |
| 16:19 | Shulk · wall_segment Palisade Wall x1 |
| 16:21 | Shulk · wall_segment Palisade Wall x1 |
| 16:32 | benni9 · age_up castle |
| 16:36 | Hans the Waller · age_up castle |
| 16:42 | Hans the Waller · first_building Monastery |
| 16:52 | benni9 · first_building Monastery |
| 17:37 | Shulk · first_market_buy 100 stone |
| 17:49 | MoJRiM · first_market_sell 100 food |
| 17:55 | benni9 · wall_segment Palisade Wall x1 |
| 18:14 | Shulk · wall_segment Palisade Wall x1 |
| 18:18 | Shulk · wall_segment Palisade Wall x1 |
| 18:18 | Shulk · wall_segment Palisade Wall x1 |
| 18:50 | OS+ | Loki · age_up castle |
| 18:51 | [DAO] Encoded29 · first_market_buy 100 food |
| 19:18 | OS+ | Loki · first_building Monastery |
| 19:20 | Cl3m3nT · age_up castle |
| 19:27 | benni9 · first_market_sell 100 food |
| 19:33 | [DAO] Encoded29 · first_market_sell 100 wood |
| 19:35 | Cl3m3nT · first_building Castle |
| 19:37 | Shulk · first_building Monastery |
| 20:04 | Shulk · first_building Siege Workshop |
| 20:21 | Hans the Waller · first_building Castle |
| 21:05 | benni9 · first_market_buy 100 stone |
| 21:10 | TAG_Sitaux · wall_segment Palisade Wall x1 |
| 21:10 | TAG_Sitaux · wall_segment Palisade Wall x1 |
| 21:11 | TAG_Sitaux · wall_segment Palisade Wall x1 |
| 21:40 | benni9 · first_building Castle |
| 22:09 | MoJRiM · first_market_buy 100 food |
| 22:20 | benni9 · first_building Siege Workshop |
| 22:31 | Cl3m3nT · first_market_sell 100 wood |
| 22:35 | Cl3m3nT · first_market_buy 100 stone |
| 22:38 | [DAO] Encoded29 · age_up castle |
| 22:43 | [DAO] Encoded29 · first_building Castle |
| 22:47 | Cl3m3nT · wall_segment Palisade Wall x1 |
| 22:47 | Cl3m3nT · wall_segment Palisade Wall x1 |
| 22:48 | Shulk · wall_segment Stone Wall x1 |
| 23:39 | TAG_Sitaux · first_building Siege Workshop |
| 23:43 | Cl3m3nT · wall_segment Stone Wall x1 |
| 23:43 | Cl3m3nT · wall_segment Stone Wall x1 |
| 23:44 | Cl3m3nT · wall_segment Stone Wall x1 |
| 23:44 | Cl3m3nT · wall_segment Stone Wall x1 |
| 23:49 | MoJRiM · first_building Siege Workshop |
| 24:05 | Cl3m3nT · first_building Monastery |
| 24:38 | TAG_Sitaux · first_market_buy 100 food |
| 24:38 | OS+ | Loki · first_building Barracks |
| 25:16 | OS+ | Loki · first_building Archery Range |
| 25:49 | benni9 · wall_segment Stone Wall x1 |
| 25:52 | benni9 · wall_segment Stone Wall x1 |
| 26:08 | [DAO] Encoded29 · first_building Monastery |
| 26:10 | MoJRiM · first_building Barracks |
| 26:51 | TAG_Sitaux · first_building Castle |
| 27:02 | OS+ | Loki · first_building Castle |
| 27:26 | OS+ | Loki · tribute_sent a jugador 1 |
| 27:26 | OS+ | Loki · tribute_sent a jugador 2 |
| 27:26 | OS+ | Loki · tribute_sent a jugador 3 |
| 27:26 | OS+ | Loki · tribute_sent a jugador 5 |
| 27:26 | OS+ | Loki · tribute_sent a jugador 6 |
| 27:26 | OS+ | Loki · tribute_sent a jugador 7 |
| 27:26 | OS+ | Loki · tribute_sent a jugador 8 |
| 28:36 | OS+ | Loki · first_building Siege Workshop |
| 28:42 | Cl3m3nT · first_building Siege Workshop |
| 28:59 | MoJRiM · first_building Archery Range |
| 29:48 | MoJRiM · first_building Castle |
| 29:53 | Shulk · wall_segment Palisade Wall x1 |
| 29:58 | TAG_Sitaux · wall_segment Palisade Wall x1 |
| 29:59 | TAG_Sitaux · wall_segment Palisade Wall x1 |
| 31:10 | Hans the Waller · first_building Siege Workshop |
| 31:19 | TAG_Sitaux · age_up imperial |
| 31:34 | Shulk · wall_segment Palisade Wall x1 |
| 32:06 | [DAO] Encoded29 · first_building Siege Workshop |
| 33:07 | TAG_Sitaux · first_market_sell 100 wood |
| 34:06 | OS+ | Loki · age_up imperial |
| 35:10 | MoJRiM · age_up imperial |
| 36:46 | Cl3m3nT · first_building Barracks |
| 37:07 | benni9 · resign |
| 37:13 | Cl3m3nT · age_up imperial |
| 37:32 | Hans the Waller · age_up imperial |
| 37:36 | Shulk · first_building Barracks |
[ ANÁLISIS IA · 1 CRÉDITO ]
¿Qué pasó realmente en esta partida?
Wolo.gg analiza cada decisión: build order, eco, micro, errores típicos por bracket. Análisis personalizado por WhatsApp o Discord en 30 segundos.
Guía civ
Incas
Perfil
Jugador #5695023